 Dungeon Crawl Stone Soup version 0.31-a0-1127-ge7b2bbabab (webtiles) character file.

Game seed: 12073224773918697662

19266 bastapasta the Brawler (level 12, -7/114 HPs)
             Began as a Troll Berserker on Dec 5, 2023.
             Was a High Priest of Trog.
             Mangled by a skeletal warrior
             ... wielding a +0 battleaxe
              (23 damage)
             ... on level 11 of the Dungeon.
             The game lasted 01:06:30 (10752 turns).

bastapasta the Brawler (Troll Berserker)           Turns: 10752, Time: 01:06:30

Health: -7/114     AC: 10    Str: 29    XL:     12   Next: 35%
Magic:  11/11      EV: 12    Int:  4    God:    Trog [*****.]
Gold:   1657       SH:  0    Dex: 13    Spells: 11/11 levels left

rFire   . .          .
                       - Unarmed
rCold   . . .        (no shield)
rNeg    . . .        M - +0 steam dragon scales
rPois   .            (helmet restricted)
rElec   .            D - +1 cloak
rCorr   .            (gloves unavailable)
SInv    .            (boots unavailable)
Will    .....        (no amulet)
Stlth   ++           (no ring)
HPRegen 1.19/turn    (no ring)
MPRegen 0.12/turn

%: no passive effects
@: no status effects
A: large, unfitting armour, claws 3, regeneration 1, shaggy fur 1, tough skin 1,
agile 1, no potion heal 1
a: Renounce Religion, Berserk, Trog's Hand, Brothers in Arms


You were on level 11 of the Dungeon.
You worshipped Trog.
Trog was extremely pleased with you.
You visited 3 branches of the dungeon, and saw 16 of its levels.

You collected 2015 gold pieces.
You spent 358 gold pieces at shops.

Inventory:

Hand Weapons
 I - the +9 war axe of Arrival {antimagic, rC+ Str+4}
   (You found it on level 1 of the Lair of Beasts)

   Str+4:     It affects your strength (+4).
   rC+:       It protects you from cold.
 O - the +8 long sword of Income {heavy, rElec rC+}
   (Trog gifted it to you on level 11 of the Dungeon)

   rC+:       It protects you from cold.
   rElec:     It insulates you from electricity.
Missiles
 l - 65 stones (quivered)
 n - 12 poisoned darts
 q - 2 large rocks
 r - 14 boomerangs
 A - 5 throwing nets
 F - a curare-tipped dart
Armour
 a - a +0 animal skin
 c - a +2 robe of positive energy
 D - a +1 cloak (worn)
 K - +0 acid dragon scales
 M - +0 steam dragon scales (worn)
Jewellery
 b - a +6 ring of dexterity
 J - a ring of positive energy
 L - a ring of protection from cold
Wands
 s - a wand of flame (95)
 E - a wand of polymorph (12)
 G - a wand of digging (8)
 H - a wand of mindburst (11)
 N - a wand of paralysis (5)
Scrolls
 d - 6 scrolls of teleportation
 i - 3 scrolls of revelation
 j - a scroll of silence
 k - 2 scrolls of immolation
 p - 3 scrolls of fear
 t - 4 scrolls of noise
 v - 3 scrolls of blinking
 x - 3 scrolls of enchant weapon
 y - a scroll of enchant armour
 B - a scroll of identify
 C - a scroll of poison
Potions
 e - 4 potions of enlightenment
 f - 4 potions of might
 g - 2 potions of lignification
 h - 2 potions of brilliance
 m - 2 potions of haste
 o - 2 potions of resistance
 u - a potion of cancellation
 w - 7 potions of curing
 z - a potion of berserk rage


   Skills:
 * Level 6.3 Fighting
 * Level 2.6 Throwing
 * Level 5.7 Armour
 * Level 7.1 Dodging
 - Level 3.2 Stealth
 * Level 15.2 Unarmed Combat


You had 11 spell levels left.
You didn't know any spells.
Your spell library was empty.

Dungeon Overview and Level Annotations

Branches:
Dungeon (12/15)            Temple (0/1) D:4            Lair (2/5) D:8
    Orc (2/2) D:10
  Swamp: Lair:2-3    Shoals: Lair:2-3     Snake: Lair:2-3    Spider: Lair:2-3
    Elf: Orc:2

Altars:
Fedhas
Qazlal
Uskayaw
Xom
Zin

Shops:
D:4 (:*?!   D:10 :

Annotations:
D:11 3 runed translucent doors, Qudeg's ghost, journeyman SpHu
Lair:1 Gastronok
Lair:2 3 runed translucent doors


Innate Abilities, Weirdness & Mutations

You are too large for most types of armour.
You have claws for hands.
Your natural rate of healing is unusually fast.
You are covered in fur. (AC +1)
You have tough skin. (AC +1)
You are agile. (Dex +4, Str/Int -1)
Potions are less effective at restoring your health.


Message History

The howler monkey is severely wounded.
The howler monkey hits you.
You scratch the howler monkey.
The howler monkey is almost dead.
A skeletal warrior comes into view. It is wielding a +0 glaive.
The howler monkey misses you.
You eviscerate the howler monkey!!!
You kill the howler monkey!
Trog accepts your kill.
You scratch the gargoyle. You claw the gargoyle.
The gargoyle is moderately damaged.
You claw the gargoyle!
The gargoyle is heavily damaged.
The gargoyle hurls a stone arrow at you.
The stone arrow misses you.
You mangle the gargoyle!!
You destroy the gargoyle!
Trog accepts your kill.
You see here a +0 mace.
You mangle the skeletal warrior!!
The skeletal warrior is heavily damaged.
The skeletal warrior hits you with a +0 battleaxe!
The skeletal warrior hits you with a +0 hand axe!!
You scratch the skeletal warrior but do no damage.
The skeletal warrior attacks as it pursues you!
The skeletal warrior closely misses you.
The skeletal warrior attacks as it pursues you!
The skeletal warrior hits you but does no damage.
The skeletal warrior hits you with a +0 hand axe.
There is a stone staircase leading up here.
The skeletal warrior hits you with a +0 battleaxe!
The skeletal warrior hits you from afar with a +0 glaive!!
The skeletal warrior hits you from afar with a +0 trident!!
* * * LOW HITPOINT WARNING * * *
The skeletal warrior misses you.
You climb upwards.
Level annotation: 3 runed translucent doors, Qudeg's ghost, journeyman SpHu
There is a stone staircase leading down here.
The skeletal warrior hits you with a +0 battleaxe!!
You die...

###### ########### .....#
#.........# .....#
#.........# .....#
#.........# .....#
#.....z...# .....#
#.....>...# .....#
#.....z@..# .....#
#.........#
.....#####.........########
..........................#
..........#########.#######
..........# #.# ..........#
#.# ..........# #.#
..........# #.#


You could see 2 skeletal warriors.

Vanquished Creatures
  Snorg (D:10)
  Harold (D:11)
  3 two-headed ogres (D:11)
  Pikel (D:4)
  A black mamba (Lair:1)
  2 gargoyles
  4 cane toads
  2 rime drakes
  An unseen horror (D:11)
  A komodo dragon (D:11)
  Psyche (D:10)
  A troll (D:10)
  3 blink frogs
  Prince Ribbit (D:6)
  2 hornets
  An air elemental (D:10)
  Sigmund (D:6)
  2 wyverns
  Eustachio (D:5)
  2 shadows
  26 yaks
  3 steam dragons
  A basilisk (Lair:1)
  A fire elemental (D:10)
  A warg (Orc:2)
  2 acid dragons
  4 water moccasins
  Duvessa (D:6)
  4 orc warriors
  4 sky beasts
  4 ogres
  4 ice beasts
  A black bear (D:5)
  9 wolves (Lair:1)
  4 centaurs
  4 lemures (D:4)
  Blork the orc (D:5)
  A kobold brigand (D:7)
  2 scorpions
  An earth elemental (D:10)
  5 wights (D:6)
  Dowan (D:6)
  6 howler monkeys
  5 hounds
  10 orc priests
  4 jellies
  Crazy Yiuf (D:6)
  Jessica (D:3)
  4 iguanas
  19 orc wizards
  4 gnolls (D:5)
  8 adders
  2 shadow imps (D:6)
  A white imp (D:5)
  4 worms
  A dart slug (D:2)
  53 orcs
  3 ball pythons
  6 endoplasms
  A giant cockroach (D:1)
  8 goblins
  8 hobgoblins
  3 jackals (D:3)
  12 kobolds
  4 quokkas
  10 bats
  5 frilled lizards
  3 rats
302 creatures vanquished.

Vanquished Creatures (others)
  A water elemental (D:10)
1 creature vanquished.

Grand Total: 303 creatures vanquished

Notes
Turn   | Place    | Note
-------+----------+-------------------------------------------
     0 | D:1      | bastapasta the Troll Berserker began the quest for the Orb.
     0 | D:1      | Reached XP level 1. HP: 22/22 MP: 0/0
   666 | D:2      | Reached XP level 2. HP: 29/29 MP: 1/1
   903 | D:2      | Reached XP level 3. HP: 36/36 MP: 2/2
  1348 | D:3      | Reached ** piety under Trog
  1362 | D:3      | Reached XP level 4. HP: 44/44 MP: 3/3
  1535 | D:3      | Noticed Jessica
  1545 | D:3      | Killed Jessica
  1546 | D:3      | Reached skill level 4 in Unarmed Combat
  1550 | D:3      | Reached skill level 1 in Armour
  1615 | D:3      | Reached XP level 5. HP: 53/53 MP: 4/4
  1947 | D:4      | Noticed an ice beast
  1965 | D:4      | Killed an ice beast
  1966 | D:4      | Reached skill level 5 in Unarmed Combat
  1966 | D:4      | Reached XP level 6. HP: 43/61 MP: 5/5
  2042 | D:4      | Found Ubbeowif's Distillery.
  2174 | D:4      | Found a staircase to the Ecumenical Temple.
  2250 | D:4      | Found Luidixio's Magic Scroll Shop.
  2262 | D:4      | Bought a scroll of identify for 24 gold pieces
  2262 | D:4      | Bought a scroll of enchant armour for 90 gold pieces
  2262 | D:4      | Bought a scroll of identify for 24 gold pieces
  2285 | D:4      | Reached *** piety under Trog
  2286 | D:4      | Found Enazuf's Book Shoppe.
  2367 | D:4      | Found Dotypt's Weapon Boutique.
  2614 | D:5      | Entered Level 5 of the Dungeon
  2692 | D:5      | Noticed a water moccasin
  2698 | D:5      | Killed a water moccasin
  2734 | D:5      | Reached skill level 6 in Unarmed Combat
  2781 | D:5      | Reached XP level 7. HP: 44/67 MP: 6/6
  2894 | D:5      | Noticed Blork the orc
  2897 | D:5      | Reached skill level 7 in Unarmed Combat
  2947 | D:5      | Found a shimmering altar of Xom.
  3016 | D:5      | Noticed Eustachio
  3073 | D:5      | Killed Eustachio
  3074 | D:5      | Reached XP level 8. HP: 54/78 MP: 7/7
  3648 | D:6      | Reached skill level 8 in Unarmed Combat
  3656 | D:6      | Noticed Sigmund
  3658 | D:6      | Noticed Prince Ribbit
  3666 | D:6      | Killed Sigmund
  3673 | D:6      | Noticed Duvessa
  3675 | D:6      | Noticed Dowan
  3677 | D:6      | Killed Prince Ribbit
  3678 | D:6      | Reached skill level 1 in Stealth
  3682 | D:6      | Killed Duvessa
  3683 | D:6      | Reached skill level 9 in Unarmed Combat
  3687 | D:6      | Killed Dowan
  3824 | D:6      | Noticed a +0 short sword
  3825 | D:6      | Noticed a +0 dagger
  3826 | D:6      | Noticed a +0 spear
  3826 | D:6      | Noticed a +0 falchion
  3826 | D:6      | Noticed a +0 short sword
  3827 | D:6      | Noticed a +0 dagger
  3827 | D:6      | Noticed a +0 falchion
  3828 | D:6      | Noticed a +0 spear
  3886 | D:6      | Found a hide-covered altar of Uskayaw.
  3966 | D:6      | Reached XP level 9. HP: 66/84 MP: 8/8
  3986 | D:6      | Reached **** piety under Trog
  4345 | D:6      | Found a runed translucent door.
  4346 | D:6      | Noticed Crazy Yiuf
  4357 | D:6      | Killed Crazy Yiuf
  4468 | D:6      | Found a glowing silver altar of Zin.
  4529 | D:5      | Killed Blork the orc
  4589 | D:4      | Noticed Pikel
  4601 | D:4      | Killed Pikel
  4602 | D:4      | Reached skill level 5 in Dodging
  4602 | D:4      | Reached skill level 10 in Unarmed Combat
  4664 | D:4      | Found Japnoups's Assorted Antiques.
  4807 | D:4      | Bought a potion of might for 44 gold pieces
  4807 | D:4      | Bought a potion of resistance for 110 gold pieces
  4807 | D:4      | Bought 2 potions of curing for 66 gold pieces
  5257 | D:7      | Reached skill level 11 in Unarmed Combat
  5424 | D:7      | Reached XP level 10. HP: 93/94 MP: 9/9
  5608 | D:7      | Identified a scroll of acquirement
  5608 | D:7      | Acquired 924 gold pieces
  5635 | D:8      | Reached ***** piety under Trog
  5734 | D:8      | Found a blossoming altar of Fedhas.
  6205 | D:8      | Found a staircase to the Lair.
  6224 | D:8      | Reached skill level 5 in Fighting
  6224 | D:8      | Reached skill level 12 in Unarmed Combat
  6354 | Lair:1   | Entered Level 1 of the Lair of Beasts
  6697 | D:8      | Reached XP level 11. HP: 75/104 MP: 10/10
  6703 | D:8      | Reached skill level 13 in Unarmed Combat
  6766 | Lair:1   | You fall into a shaft and drop 1 floor!
  6876 | Lair:2   | Found a runed translucent gate.
  6876 | Lair:2   | Found a runed translucent gate.
  6877 | Lair:2   | Found a runed translucent gate.
  7016 | Lair:1   | Found a hide-covered altar of Uskayaw.
  7074 | Lair:1   | Identified the +9 war axe of Arrival {antimagic, rC+ Str+4}
  7336 | Lair:1   | Reached skill level 5 in Armour
  7406 | Lair:1   | Noticed Gastronok
  7668 | D:9      | Reached skill level 1 in Throwing
  7941 | D:10     | Entered Level 10 of the Dungeon
  7973 | D:10     | Found Xasiqeah's Book Shop.
  8022 | D:10     | Found a staircase to the Orcish Mines.
  8029 | Orc:1    | Entered Level 1 of the Orcish Mines
  8120 | Orc:2    | Entered Level 2 of the Orcish Mines
  8163 | Orc:2    | Reached skill level 14 in Unarmed Combat
  8369 | Orc:1    | Received a gift from Trog
  8768 | D:10     | Noticed Snorg
  8779 | D:10     | Killed Snorg
  9015 | D:10     | Noticed Psyche
  9020 | D:10     | Killed Psyche
  9098 | D:10     | Found a large runed translucent door.
  9100 | D:10     | Found a large runed translucent door.
  9405 | D:10     | Gained mutation: Your body sometimes deteriorates upon
                  | taking damage. [potion of mutation]
  9405 | D:10     | Gained mutation: You are clumsy. (Dex -2) [potion of
                  | mutation]
  9735 | D:10     | Paralysed by an air elemental for 1 turns
  9740 | D:10     | Paralysed by an air elemental for 1 turns
  9746 | D:10     | Paralysed by an air elemental for 1 turns
  9751 | D:10     | Paralysed by an air elemental for 1 turns
  9994 | D:11     | Noticed Harold
 10022 | D:11     | Killed Harold
 10023 | D:11     | Reached XP level 12. HP: 98/114 MP: 11/11
 10052 | D:11     | Noticed a two-headed ogre
 10057 | D:11     | Killed a two-headed ogre
 10120 | D:11     | Noticed a two-headed ogre
 10126 | D:11     | Killed a two-headed ogre
 10127 | D:11     | Reached skill level 15 in Unarmed Combat
 10346 | D:11     | Noticed a two-headed ogre
 10354 | D:11     | Killed a two-headed ogre
 10354 | D:11     | Identified the +8 long sword of Income {heavy, rElec rC+}
                  | (Trog gifted it to you on level 11 of the Dungeon)
 10354 | D:11     | Received a gift from Trog
 10407 | D:11     | Lost mutation: Your body sometimes deteriorates upon taking
                  | damage. [potion of mutation]
 10407 | D:11     | Lost mutation: You are clumsy. (Dex -2) [potion of
                  | mutation]
 10407 | D:11     | Gained mutation: Potions are less effective at restoring
                  | your health. [potion of mutation]
 10407 | D:11     | Gained mutation: You are agile. (Dex +4, Str/Int -1)
                  | [potion of mutation]
 10527 | D:11     | Found a runed translucent gate.
 10527 | D:11     | Found a runed translucent gate.
 10527 | D:11     | Found a runed translucent gate.
 10528 | D:11     | Noticed a nine-headed hydra
 10529 | D:11     | Noticed Qudeg's ghost (journeyman SpHu)
 10530 | D:11     | Noticed a nine-headed hydra
 10572 | D:11     | Found a stormy altar of Qazlal.
 10752 | D:11     | Mangled by a skeletal warrior

Illustrated notes

Levels and vault maps discovered:
D:1:      scummos_arrival_simple_fountains, layout_loops_ring
D:2:      layout_loops_ring
D:3:      layout_rooms, guppyfry_early_orc_mine, uniq_jessica
D:4:      layout_basic, minmay_temple_entry_stoned_glass, serial_shops,
          nicolae_take_the_stairs, shop, nicolae_shop_back_alley_shop, shop,
          kennysheep_mini, uniq_pikel
D:5:      layout_basic, mainiacjoe_overflow_paths, st_stairs_5, minmay_holes,
          uniq_eustachio, uniq_blork_the_orc
D:6:      layout_basic, nicolae_uskayaw_en_pointe, zin_academy, corexii_shack,
          uniq_crazy_yiuf_cottage, uniq_duvessa, uniq_sigmund,
          uniq_prince_ribbit1
D:7:      layout_loops_cross, kennysheep_small_spiral
D:8:      layout_gridville, kennysheep_little_box, lair_entry_dummy
D:9:      layout_basic
D:10:     layout_basic, orc_0_dummy, serial_shops, nicolae_lakefront_shop,
          lightli_elemental_guards, uniq_psyche, uniq_snorg
D:11:     layout_small_grid, gammafunk_ghost_hydra_chop,
          nicolae_qazlal_eye_of_the_storm, uniq_harold
D:12:     layout_gridville, nicolae_trove_entry_crystal, marbit_kobold_abyssish,
          uniq_josephine
Lair:1:   layout_gridlike, basic_altar, uniq_gastronok
Lair:2:   minmay_lair_venomous_thicket, layout_regular_city,
          mainiacjoe_swamp_entry_angry_trees, spider_nest_entry_rubble,
          gammafunk_ghost_split
Orc:1:    layout_diamond_mine, basic_altar, roderic_batcave
Orc:2:    kennysheep_orc_mage_school, layout_diamond_mine, serial_shops, shop,
          uniq_donald

Skill      XL: |  1  2  3  4  5  6  7  8  9 10 11 12 |
---------------+-------------------------------------+-----
Dodging        | 3 4 5 6 7 |  7.1
Fighting       | 3 4 5 6 |  6.3
Unarmed Combat | 4 5 6 7 9 11 12 14 15 | 15.2
Armour         | 1 2 3 4 5 |  5.7
Stealth        | 1 2 3 |  3.2
Throwing       | 2 |  2.6

Action                     |  1- 3 |  4- 6 |  7- 9 | 10-12 || total
---------------------------+-------+-------+-------+-------++-------
  Melee: Unarmed           |    61 |   195 |   254 |   463 ||   973
         Punch             |     1 |     6 |     9 |    43 ||    59
  Throw: Stone             |       |       |       |    12 ||    12
    Use: Scroll            |     6 |     5 |     4 |     7 ||    22
         Potion            |       |       |       |     5 ||     5
   Stab: Sleeping          |       |       |     4 |     4 ||     8
 Armour: Animal skin       |    27 |       |       |       ||    27
         Robe              |     5 |   109 |   145 |    61 ||   320
         Skin              |       |       |     4 |       ||     4
         Acid dragon scale |       |       |       |   146 ||   146
         Steam dragon scal |       |       |       |   162 ||   162
  Dodge: Dodged            |    27 |    70 |    88 |   235 ||   420

Table legend: (Time is in decaauts)
 A = Elapsed time spent in this place.
 B = Non-inter-level travel time spent in this place.
 C = Inter-level travel time spent in this place.
 D = Time resting spent in this place.
 E = Time spent auto-exploring this place.
 F = Levels seen in this place.
 G = Mean time per level.
                   A        B        C        D        E       F      G
               +--------+--------+--------+--------+--------+-----+--------+
         Total |  10565 |   7328 |   3237 |    414 |   1114 |  16 |  660.3 |
       Dungeon |   9193 |   6559 |   2634 |    414 |   1107 |  12 |  766.1 |
          Lair |    822 |    449 |    373 |      0 |      0 |   2 |  411.0 |
  Orcish Mines |    550 |    320 |    230 |      0 |      7 |   2 |  275.0 |
               +--------+--------+--------+--------+--------+-----+--------+

Top non-repeatable levels by time:
    D:10: 1433 daAuts
     D:5: 1104 daAuts
     D:8: 973 daAuts
     D:6: 918 daAuts
     D:4: 912 daAuts
    D:11: 742 daAuts
     D:7: 719 daAuts
  Lair:1: 693 daAuts
     D:3: 635 daAuts
     D:1: 628 daAuts
     D:2: 615 daAuts
     D:9: 479 daAuts
   Orc:1: 381 daAuts
   Orc:2: 168 daAuts
  Lair:2: 129 daAuts
